IL
COLORADO SPRINGS SKY SOX @ RENO ACES
05/15/2048
 
TOP OF THE 1ST
Colorado Springs Sky Sox batting - Pitching for Reno Aces : RHP Chad Pfeiffer
Pitching: RHP Chad Pfeiffer
Batting: LHB Greg Valenzuela 0-0: Swinging Strike
0-1: Foul Ball, location: 2F
0-2: Ball
1-2: Ground out 6-3 (Groundball, 4M, EV 81.9 MPH)
Batting: LHB Steve Gilliam 0-0: Ball
1-0: Called Strike
1-1: Ball
2-1: Ball
3-1: Base on Balls
Batting: RHB Maurice Moore 0-0: Ball
1-0: Fly out, F8 (Line Drive, 8LM, EV 98.8 MPH)
Batting: LHB Michael Krott 0-0: Ball
1-0: Ball
2-0: Called Strike
2-1: Foul Ball, location: 2F
2-2: Strikes out looking
Top of the 1st over - 0 runs, 0 hits, 0 errors, 1 left on base; Colorado Springs 0 - Reno 0
BOTTOM OF THE 1ST
Reno Aces batting - Pitching for Colorado Springs Sky Sox : LHP Steve Ransom
Pitching: LHP Steve Ransom
Batting: RHB Roberto Rodriguez 0-0: Ball
1-0: Ball
2-0: Swinging Strike
2-1: Swinging Strike
2-2: Strikes out swinging
Batting: RHB Justin McQuarter 0-0: Ball
1-0: Foul Ball, location: 2F
1-1: Ball
2-1: Ground out 6-3 (Groundball, 6, EV 88.1 MPH)
Batting: RHB Marlon Reda 0-0: Ground out 6-3 (Groundball, P, EV 83.1 MPH)
Bottom of the 1st over - 0 runs, 0 hits, 0 errors, 0 left on base; Colorado Springs 0 - Reno 0
TOP OF THE 2ND
Colorado Springs Sky Sox batting - Pitching for Reno Aces : RHP Chad Pfeiffer
Batting: RHB Mike McElroy 0-0: Ball
1-0: Ground out U3 (Groundball, 3S, EV 90.0 MPH)
Batting: LHB Luke Coulter 0-0: Ball
1-0: Called Strike
1-1: SINGLE (Line Drive, 34D, EV 103.1 MPH)
Batting: RHB Eduardo Camacho 0-0: Ground out 4-3 (Groundball, 34S, EV 85.0 MPH)
Luke Coulter to second
Batting: RHB John Boyer 0-0: Fly out, F8 (Flyball, 78D, EV 96.2 MPH)
Top of the 2nd over - 0 runs, 1 hit, 0 errors, 1 left on base; Colorado Springs 0 - Reno 0
BOTTOM OF THE 2ND
Reno Aces batting - Pitching for Colorado Springs Sky Sox : LHP Steve Ransom
Batting: RHB Danny Gerardo 0-0: Ball
1-0: Foul Ball, location: 2F
1-1: Swinging Strike
1-2: Ball
2-2: Foul Ball, location: 2F
2-2: Foul Ball, location: 2F
2-2: Foul Ball, location: 2F
2-2: SINGLE (Groundball, 6MD, EV 100.0 MPH)
Batting: LHB Sam Dowdy 0-0: Foul Ball, location: 2F
0-1: Ball
1-1: Foul Ball, location: 2F
1-2: Ball
2-2: Foul Ball, location: 2F
2-2: Ball
Danny Gerardo is caught stealing 2nd base 2-6
3-2: Ground out 5-3 (Groundball, 56, EV 103.1 MPH)
Batting: RHB Edgar Garcia 0-0: Ball
1-0: Fly out, F8 (Line Drive, 8RM, EV 96.2 MPH)
Bottom of the 2nd over - 0 runs, 1 hit, 0 errors, 0 left on base; Colorado Springs 0 - Reno 0
TOP OF THE 3RD
Colorado Springs Sky Sox batting - Pitching for Reno Aces : RHP Chad Pfeiffer
Batting: RHB John Stevenson 0-0: Ball
1-0: Ball
2-0: Ball
3-0: Called Strike
3-1: Foul Ball, location: 2F
3-2: SOLO HOME RUN (Line Drive, 78XD, EV 116.2 MPH), Distance : 450 ft
Batting: LHB Greg Valenzuela 0-0: Called Strike
0-1: Foul Ball, location: 2F
0-2: Ball
1-2: Foul Ball, location: 2F
1-2: Ball
2-2: Strikes out swinging
Batting: LHB Steve Gilliam 0-0: Foul Ball, location: 2F
0-1: Foul Ball, location: 2F
0-2: Ball
1-2: SINGLE (Line Drive, 6D, EV 97.5 MPH)
Batting: RHB Maurice Moore 0-0: Called Strike
0-1: Called Strike
0-2: Strikes out swinging
Batting: LHB Michael Krott 0-0: Called Strike
Steve Gilliam steals 2nd, throwing error, E2
Steve Gilliam to third
0-1: Ball
1-1: Ball
2-1: Ground out U3 (Groundball, 3L, EV 80.0 MPH)
Top of the 3rd over - 1 run, 2 hits, 1 error, 1 left on base; Colorado Springs 1 - Reno 0
BOTTOM OF THE 3RD
Reno Aces batting - Pitching for Colorado Springs Sky Sox : LHP Steve Ransom
Batting: LHB Kevin Ferguson 0-0: Ball
1-0: Ball
2-0: Ball
3-0: Called Strike
3-1: Foul Ball, location: 2F
3-2: Foul Ball, location: 2F
3-2: Strikes out swinging
Batting: SHB Carlos Rodriguez 0-0: Called Strike
0-1: Called Strike
0-2: Ball
1-2: Ball
2-2: Ball
3-2: Strikes out swinging
Batting: LHB Kyle Beaulieu 0-0: Called Strike
0-1: Called Strike
0-2: Foul Ball, location: 2F
0-2: Ground out 3-1 (Groundball, 34S, EV 80.6 MPH)
Bottom of the 3rd over - 0 runs, 0 hits, 0 errors, 0 left on base; Colorado Springs 1 - Reno 0
TOP OF THE 4TH
Colorado Springs Sky Sox batting - Pitching for Reno Aces : RHP Chad Pfeiffer
Batting: RHB Mike McElroy 0-0: Ball
1-0: Foul Ball, location: 2F
1-1: Foul Ball, location: 2F
1-2: Ground out 6-3 (Groundball, 6, EV 88.8 MPH)
Now at SS: Jose Sisneros
Batting: LHB Luke Coulter 0-0: Fly out, F8 (Flyball, 78M, EV 85.6 MPH)
Batting: RHB Eduardo Camacho 0-0: Swinging Strike
0-1: Foul Ball, location: 2F
0-2: Strikes out looking
Top of the 4th over - 0 runs, 0 hits, 0 errors, 0 left on base; Colorado Springs 1 - Reno 0
BOTTOM OF THE 4TH
Reno Aces batting - Pitching for Colorado Springs Sky Sox : LHP Steve Ransom
Batting: RHB Roberto Rodriguez 0-0: Ball
1-0: Foul Ball, location: 2F
1-1: Fly out, F7 (Flyball, 7S, EV 82.5 MPH)
Batting: RHB Justin McQuarter 0-0: Called Strike
0-1: Swinging Strike
0-2: Strikes out swinging
Batting: RHB Marlon Reda 0-0: Ball
1-0: Called Strike
1-1: Ball
2-1: Foul Ball, location: 2F
2-2: Ground out 1-3 (Groundball, 15S, EV 68.8 MPH)
Bottom of the 4th over - 0 runs, 0 hits, 0 errors, 0 left on base; Colorado Springs 1 - Reno 0
TOP OF THE 5TH
Colorado Springs Sky Sox batting - Pitching for Reno Aces : RHP Chad Pfeiffer
Batting: RHB John Boyer 0-0: Ball
1-0: Ball
2-0: Foul Ball, location: 2F
2-1: Ball
3-1: Swinging Strike
3-2: Strikes out swinging
Batting: RHB John Stevenson 0-0: Ball
1-0: Ball
2-0: Called Strike
2-1: Ball
3-1: Called Strike
3-2: Ground out 5-3 (Groundball, 56, EV 81.9 MPH)
Batting: LHB Greg Valenzuela 0-0: Ball
1-0: Ball
2-0: DOUBLE (Groundball, 3L, EV 106.2 MPH)
Batting: LHB Steve Gilliam 0-0: Ball
1-0: Ball
2-0: Ball
3-0: Foul Ball, location: 2F
3-1: Base on Balls
Batting: RHB Maurice Moore 0-0: Ball
1-0: Foul Ball, location: 2F
1-1: Swinging Strike
1-2: Reached on error, E5 (Groundball, 56, EV 110.0 MPH)
Greg Valenzuela to third
Steve Gilliam to second
Batting: LHB Michael Krott 0-0: Ball
1-0: Called Strike
1-1: SINGLE (Groundball, 6D, EV 106.2 MPH)
Greg Valenzuela scores
Steve Gilliam to third
Maurice Moore to second
Runner from 3rd tries for Home, SAFE, throw by CF to home
Batting: RHB Mike McElroy 0-0: Ball
1-0: Ground out 4-3 (Groundball, 4, EV 88.1 MPH)
Top of the 5th over - 2 runs, 2 hits, 1 error, 2 left on base; Colorado Springs 3 - Reno 0
BOTTOM OF THE 5TH
Reno Aces batting - Pitching for Colorado Springs Sky Sox : LHP Steve Ransom
Batting: RHB Jose Sisneros 0-0: Ground out 5-3 (Groundball, 56S, EV 88.1 MPH)
Batting: LHB Sam Dowdy 0-0: Foul Ball, location: 2F
0-1: Ball
1-1: Ball
2-1: Ball
3-1: Foul Ball, location: 2F
3-2: Fly out, F8 (Flyball, 78M, EV 81.2 MPH)
Batting: RHB Edgar Garcia 0-0: Foul Ball, location: 2F
0-1: Swinging Strike
0-2: Foul Ball, location: 2F
0-2: Ball
1-2: Ball
2-2: Ball
3-2: Base on Balls
Batting: LHB Kevin Ferguson 0-0: Ball
1-0: Ball
2-0: Ball
3-0: Called Strike
3-1: Called Strike
3-2: Ground out 6-3 (Groundball, 6, EV 107.5 MPH)
Bottom of the 5th over - 0 runs, 0 hits, 0 errors, 1 left on base; Colorado Springs 3 - Reno 0
TOP OF THE 6TH
Colorado Springs Sky Sox batting - Pitching for Reno Aces : RHP Chad Pfeiffer
Batting: LHB Luke Coulter 0-0: Called Strike
0-1: Ball
1-1: SOLO HOME RUN (Flyball, 9LD, EV 95.0 MPH), Distance : 356 ft
Batting: RHB Eduardo Camacho 0-0: Ground out 6-3 (Groundball, 6, EV 82.5 MPH)
Batting: RHB John Boyer 0-0: DOUBLE (Flyball, 89D, EV 93.8 MPH)
Pitching: RHP Chad Toms
Batting: RHB John Stevenson 0-0: Ball
1-0: Ground out 6-3 (Groundball, 6, EV 86.9 MPH)
Batting: LHB Greg Valenzuela 0-0: Ground out 6-3 (Groundball, 6, EV 98.8 MPH)
Top of the 6th over - 1 run, 2 hits, 0 errors, 1 left on base; Colorado Springs 4 - Reno 0
BOTTOM OF THE 6TH
Reno Aces batting - Pitching for Colorado Springs Sky Sox : LHP Steve Ransom
Batting: SHB Carlos Rodriguez 0-0: Ball
1-0: Ball
2-0: Swinging Strike
2-1: Ball
3-1: Base on Balls
Batting: LHB Kyle Beaulieu 0-0: Ball
1-0: Called Strike
1-1: Ball
2-1: Ball
3-1: SINGLE (Groundball, 56D, EV 100.6 MPH)
Carlos Rodriguez to second
Batting: RHB Roberto Rodriguez 0-0: Ball
1-0: Grounds into double play, 6-4-3 (Groundball, 6, EV 103.8 MPH)
Carlos Rodriguez to third
Batting: RHB Justin McQuarter 0-0: Ball
1-0: Ground out 4-3 (Groundball, 34, EV 100.0 MPH)
Bottom of the 6th over - 0 runs, 1 hit, 0 errors, 1 left on base; Colorado Springs 4 - Reno 0
TOP OF THE 7TH
Colorado Springs Sky Sox batting - Pitching for Reno Aces : RHP Chad Toms
Batting: LHB Steve Gilliam 0-0: Called Strike
0-1: Foul Ball, location: 2F
0-2: Ball
1-2: Ball
2-2: Strikes out swinging
Batting: RHB Maurice Moore 0-0: Ground out 5-3 (Groundball, 56, EV 82.5 MPH)
Batting: LHB Michael Krott 0-0: Foul Ball, location: 2F
0-1: Swinging Strike
0-2: Strikes out swinging
Top of the 7th over - 0 runs, 0 hits, 0 errors, 0 left on base; Colorado Springs 4 - Reno 0
BOTTOM OF THE 7TH
Reno Aces batting - Pitching for Colorado Springs Sky Sox : LHP Steve Ransom
Batting: RHB Marlon Reda 0-0: Called Strike
0-1: Swinging Strike
0-2: Ball
1-2: Strikes out looking
Batting: RHB Jose Sisneros 0-0: Called Strike
0-1: Foul Ball, location: 2F
0-2: Ball
1-2: Strikes out looking
Batting: LHB Sam Dowdy 0-0: Called Strike
0-1: Foul Ball, location: 2F
0-2: Strikes out swinging
Bottom of the 7th over - 0 runs, 0 hits, 0 errors, 0 left on base; Colorado Springs 4 - Reno 0
TOP OF THE 8TH
Colorado Springs Sky Sox batting - Pitching for Reno Aces : RHP Chad Toms
Batting: RHB Mike McElroy 0-0: Foul Ball, location: 2F
0-1: Called Strike
0-2: Ball
1-2: Fly out, F6 (Popup, 6S, EV 82.5 MPH)
Batting: LHB Luke Coulter 0-0: Ball
1-0: Fly out, F3 (Line Drive, 3, EV 66.2 MPH)
Batting: RHB Eduardo Camacho 0-0: Foul Ball, location: 2F
0-1: Ground out 2-3 (Groundball, 15S, EV 73.8 MPH)
Top of the 8th over - 0 runs, 0 hits, 0 errors, 0 left on base; Colorado Springs 4 - Reno 0
BOTTOM OF THE 8TH
Reno Aces batting - Pitching for Colorado Springs Sky Sox : LHP Steve Ransom
Pitching: RHP Mike Clark
Batting: RHB Edgar Garcia 0-0: SINGLE (Line Drive, 4D, EV 111.9 MPH)
Batting: LHB Kevin Ferguson 0-0: Ball
1-0: Ball
Pickoff Throw to First - Error! E1
Edgar Garcia to second
2-0: Called Strike
2-1: Swinging Strike
2-2: Ball
3-2: Foul Ball, location: 2F
3-2: Base on Balls
Batting: SHB Carlos Rodriguez 0-0: Foul Ball, location: 2F
0-1: Grounds into double play, 4-6-3 (Groundball, 4, EV 101.2 MPH)
Edgar Garcia to third
Batting: LHB Kyle Beaulieu 0-0: Ball
1-0: Called Strike
1-1: Called Strike
1-2: Ball
2-2: Foul Ball, location: 2F
2-2: Ball
3-2: Base on Balls
Batting: RHB Roberto Rodriguez 0-0: Called Strike
0-1: Ball
1-1: Called Strike
1-2: Foul Ball, location: 2F
1-2: Ball
2-2: Fly out, F6 (Line Drive, 6M, EV 63.1 MPH)
Bottom of the 8th over - 0 runs, 1 hit, 1 error, 2 left on base; Colorado Springs 4 - Reno 0
TOP OF THE 9TH
Colorado Springs Sky Sox batting - Pitching for Reno Aces : RHP Chad Toms
Batting: RHB John Boyer 0-0: Called Strike
0-1: Foul Ball, location: 2F
0-2: Fly out, F7 (Flyball, 78M, EV 73.1 MPH)
Batting: RHB John Stevenson 0-0: Called Strike
0-1: Ball
1-1: Fly out, F7 (Flyball, 7D, EV 110.0 MPH)
Batting: LHB Greg Valenzuela 0-0: Ball
1-0: Fly out, F8 (Flyball, 8RM, EV 93.8 MPH)
Top of the 9th over - 0 runs, 0 hits, 0 errors, 0 left on base; Colorado Springs 4 - Reno 0
BOTTOM OF THE 9TH
Reno Aces batting - Pitching for Colorado Springs Sky Sox : RHP Mike Clark
Pitching: LHP Bill Ogren
Batting: RHB Justin McQuarter 0-0: Ground out 5-3 (Groundball, 5L, EV 95.6 MPH)
Batting: RHB Marlon Reda 0-0: SINGLE (Groundball, 34D, EV 99.4 MPH)
Batting: RHB Jose Sisneros 0-0: Fielders Choice at 2nd, 2-4 (Groundball, 15S, EV 72.5 MPH)
Batting: LHB Sam Dowdy 0-0: Fly out, F3 (Line Drive, 3L, EV 69.4 MPH)
Bottom of the 9th over - 0 runs, 1 hit, 0 errors, 1 left on base; Colorado Springs 4 - Reno 0
Tuesday, March 28th , 2023 - OOTP Baseball 23.10 Build 110